 Dungeon Crawl Stone Soup version 0.23-a0-629-gae4348f (webtiles) character file.

848 RonnieColeman the Thaumaturge (level 7, -1/36 HPs)
             Began as a Deep Elf Conjurer on Dec 26, 2018.
             Was a Follower of Sif Muna.
             Shot with an arrow by a centaur (13 damage)
             ... on level 5 of the Dungeon.
             The game lasted 00:15:06 (4687 turns).

RonnieColeman the Thaumaturge (Deep Elf Conjurer)   Turns: 4687, Time: 00:15:07

Health: -1/36      AC:  3    Str:  5    XL:     7   Next: 69%
Magic:  27/30      EV: 13    Int: 26    God:    Sif Muna [*.....]
Gold:   239        SH:  0    Dex: 15    Spells: 14/23 levels left

rFire    . . .     SeeInvis .   n - +3 quarterstaff (chaos)
rCold    . . .     Gourm    .   (shield currently unavailable)
rNeg     . . .     Faith    .   a - +0 robe
rPois    .         Spirit   .   (no helmet)
rElec    .         Reflect  .   o - +0 cloak
rCorr    .         Harm     .   (no gloves)
MR       .....                  (no boots)
Stlth    ++........             (no amulet)
HPRegen  0.12/turn              t - +4 ring of intelligence
MPRegen  0.22/turn              r - ring of magical power (curse)

@: no status effects
A: no striking features
a: Divine Energy, Renounce Religion


You were on level 5 of the Dungeon.
You worshipped Sif Muna.
Sif Muna was aware of your devotion.
You were near starving.

You visited 1 branch of the dungeon, and saw 5 of its levels.

You collected 239 gold pieces.

Inventory:

Hand Weapons
 h - a +0 mace of crushing
 n - a +3 quarterstaff of chaos (weapon)
 w - a +1 dagger of venom
Armour
 a - a +0 robe (worn)
 o - a +0 cloak (worn)
 s - a +0 pair of gloves
Jewellery
 r - a cursed ring of magical power (right hand)
 t - a +4 ring of intelligence (left hand)
Wands
 i - a wand of iceblast (9)
Scrolls
 d - 4 scrolls of amnesia {unknown}
 e - 2 scrolls of teleportation {unknown}
 f - 7 scrolls of identify {unknown}
 j - a scroll of blinking {unknown}
 k - a scroll of noise {unknown}
 l - 8 scrolls of remove curse {unknown}
 p - a scroll of immolation {unknown}
Potions
 b - a potion of degeneration {unknown}
 g - a potion of cancellation {unknown}
 m - a potion of magic {unknown}
 q - a potion of haste {unknown}
 u - a potion of flight {unknown}
 v - a potion of might {unknown}
 x - a potion of heal wounds {unknown}
 z - 2 potions of lignification {unknown}
Comestibles
 c - 8 rations


   Skills:
 - Level 2.4 Dodging
 - Level 2.4 Stealth
 * Level 8.5 Spellcasting
 + Level 8.1 Conjurations


You had 14 spell levels left.
You knew the following spells:

 Your Spells              Type           Power        Failure   Level  Hunger
a - Magic Dart            Conj           ####         1%          1    None
c - Iskenderun's Mystic   Conj           ######..     1%          4    ##.....
e - Force Lance           Conj/Tloc      ####....     10%         4    ##.....

Your spell library contained the following spells:

 Spells                   Type           Power        Failure   Level  Hunger
 Searing Ray              Conj           ######       1%          2    None
 Dazzling Spray           Conj/Hex       ####..       3%          3    None
 Stone Arrow              Conj/Erth      ####..       3%          3    None
 Sandblast                Erth           ##....       5%          1    None
 Passwall                 Tmut/Erth      ##......     9%          2    None
 Fulminant Prism          Conj/Hex       ####......   10%         4    ##.....
 Petrify                  Tmut/Erth      ##......     47%         4    ##.....
 Lee's Rapid Deconstruct  Erth           ##........   83%         5    ####...


Dungeon Overview and Level Annotations

Branches:
Dungeon (5/15)
 Temple: D:4-7

Altars:
Ru
Sif Muna
Xom
The Shining One


Message History

The magic dart hits the scorpion.
You kill the scorpion!
Sif Muna accepts your kill.
You can now request divine energy to cast spells with insufficient magic.
You see here a scorpion corpse.
Found a sacrificial altar of Ru.
A shadow imp comes into view.
Found 21 arrows.
A shadow imp is nearby!
You see here a scorpion corpse.
A centaur comes into view.
The centaur shouts!
The centaur wields a +0 shortbow.
The centaur shoots an arrow.
The arrow completely misses you.
The centaur shoots an arrow.
The arrow hits you!
You see here an arrow.
The centaur shoots an arrow.
The arrow hits you!
An adder skeleton comes into view.
The centaur shoots an arrow.
The arrow hits you!
You die...

## # .# #. ##.#
#.##########.#
#.....(......#
#..@(........#
........###......##
.......####.......##
#......#......##...##
##..c.##.....#####..####
#...# #....## ##...##
#... #...## ##.... #.Z.
##...# ##..< ##..## ##..


You could see a centaur and an adder skeleton (wandering).

Vanquished Creatures
  The ghost of justbritto the Digger, an amateur GrEE (D:4)
  An ogre (D:4)
  A centaur (D:5)
  A scorpion (D:5)
  A crimson imp (D:5)
  2 hounds (D:4)
  Crazy Yiuf (D:2)
  6 orc wizards
  Terence (D:2)
  A worker ant (D:4)
  A hound skeleton (D:4)
  A worker ant zombie (D:5)
  4 gnolls
  3 adders
  An ooze (D:1)
  A worm (D:4)
  A dart slug (D:4)
  3 leopard geckos (D:1)
  17 orcs
  A ball python (D:3)
  7 giant cockroaches
  4 goblins
  8 hobgoblins
  4 jackals
  4 kobolds (D:1)
  2 quokkas (D:4)
  3 bats
  7 frilled lizards
  A jackal skeleton (D:4)
  4 rats
93 creatures vanquished.

Notes
Turn   | Place    | Note
-------+----------+-------------------------------------------
     0 | D:1      | RonnieColeman the Deep Elf Conjurer began the quest for the
                  | Orb.
     0 | D:1      | Reached XP level 1. HP: 10/10 MP: 6/6
    83 | D:1      | Reached XP level 2. HP: 15/15 MP: 1/8
   298 | D:1      | Reached skill level 5 in Conjurations
   451 | D:1      | Reached XP level 3. HP: 17/19 MP: 6/10
  1283 | D:2      | Found a runed door.
  1394 | D:2      | Noticed Terence
  1530 | D:2      | Killed Terence
  1530 | D:2      | Reached XP level 4. HP: 14/24 MP: 2/12
  1747 | D:2      | Learned a level 4 spell: Iskenderun's Mystic Blast
  1747 | D:2      | Noticed Crazy Yiuf
  1756 | D:2      | Killed Crazy Yiuf
  2253 | D:3      | Reached XP level 5. HP: 28/28 MP: 10/14
  2492 | D:3      | Reached skill level 5 in Spellcasting
  2820 | D:3      | You fall through a shaft!
  2820 | D:4      | Found a runed gate.
  2820 | D:4      | Found a runed gate.
  2820 | D:4      | Found a runed gate.
  2821 | D:4      | Noticed justbritto's ghost (amateur GrEE)
  2929 | D:4      | Reached XP level 6. HP: 32/32 MP: 11/16
  2935 | D:4      | Learned a level 4 spell: Force Lance
  3215 | D:4      | Found a shimmering altar of Xom.
  3216 | D:4      | Found a glowing golden altar of the Shining One.
  3239 | D:4      | Found a deep blue altar of Sif Muna.
  3256 | D:4      | Became a worshipper of Sif Muna the Loreminder
  3844 | D:5      | Entered Level 5 of the Dungeon
  3977 | D:3      | Reached XP level 7. HP: 36/36 MP: 19/19
  4277 | D:4      | Killed justbritto's ghost
  4651 | D:5      | Reached * piety under Sif Muna
  4660 | D:5      | Found a sacrificial altar of Ru.
  4687 | D:5      | Shot with an arrow by a centaur

Vault maps used:
D:1:      elethiomel_arrival_shortcut, minivault_23
D:2:      uniq_terence, uniq_crazy_yiuf_cottage
D:3:      first_ration, small_statue_intersection
D:4:      grunt_temple_overflow_open, gammafunk_ghost_split, serial_bayou_lake_a
D:5:      nicolae_ru_sacrificial_ziggurat

Skill      XL: |  1  2  3  4  5  6  7 |
---------------+----------------------+-----
Conjurations   | 5 6 7 8 |  8.1
Spellcasting   | 4 5 7 8 |  8.5
Dodging        | |  2.4
Stealth        | |  2.4

Action                   |  1- 3 |  4- 6 |  7- 9 || total
-------------------------+-------+-------+-------++-------
Melee: Dagger            |     3 |       |       ||     3
       Mace              |     1 |       |       ||     1
       Quarterstaff      |       |    12 |       ||    12
 Cast: Magic Dart        |    67 |   140 |    19 ||   226
       Iskenderun's Myst |       |     9 |     8 ||    17
  Eat: Chunk             |     2 |     8 |     1 ||    11
Armor: Robe              |       |     5 |     1 ||     6
Dodge: Dodged            |     5 |    26 |     6 ||    37

Table legend:
 A = Non-vault XP
 B = Vault XP
 C = Vault XP percentage of total XP
 D = Non-vault monster count
 E = Vault monster count
 F = Vault count percentage of total count
                 A         B        C        D         E       F
            +---------+---------+-------+---------+---------+-------
      Total |     982 |     230 |  19.0 |      89 |       4 |   4.3
            +---------+---------+-------+---------+---------+-------
        D:1 |      47 |       0 |   0.0 |      24 |       0 |   0.0
        D:2 |      45 |      80 |  64.0 |      11 |       2 |  15.4
        D:3 |     185 |       0 |   0.0 |      28 |       0 |   0.0
        D:4 |     383 |     150 |  28.1 |      20 |       2 |   9.1
        D:5 |     322 |       0 |   0.0 |       6 |       0 |   0.0
            +---------+---------+-------+---------+---------+-------
